 Dungeon Crawl Stone Soup version 0.20-a0-1124-g2e29d97 (webtiles) character file.

5646 Naow the Arsonist (level 10, -1/56 HPs)
             Began as an Octopode Fire Elementalist on May 16, 2017.
             Was a Believer of Vehumet.
             Slain by a spiny frog (14 damage)
             ... on level 1 of the Lair of Beasts.
             The game lasted 00:18:52 (12249 turns).

Naow the Arsonist (Octopode Fire Elementalist)     Turns: 12249, Time: 00:18:53

Health: -1/56      AC:  1    Str:  8    XL:     10   Next: 74%
Magic:  25/37      EV: 13    Int: 21    God:    Vehumet [**....]
Gold:   572        SH:  0    Dex: 12    Spells: 10/25 levels left

rFire    . . .     SeeInvis .   I - staff of power
rCold    . . .     Gourm    .   (no shield)
rNeg     + . .     Faith    .   (helmet restricted)
rPois    .         Spirit   .   (no amulet)
rElec    .         Reflect  .   p - ring of resist corrosion
rCorr    +         Harm     .   D - ring of stealth
MR       .....                  E - ring of positive energy
Stlth    ++++++....             (no ring)
Regen    0.2/turn               (no ring)
MPRegen  0.3/turn               (no ring)
                                (no ring)
                                (no ring)

@: lethally poisoned (-1 -> -10)
A: almost no armour, stealthy swim, amphibious, 8 rings, constrict 8, camouflage
1, gelatinous body 1
a: Renounce Religion


You were on level 1 of the Lair of Beasts.
You worshipped Vehumet.
Vehumet was pleased with you.
You were not hungry.

You visited 3 branches of the dungeon, and saw 12 of its levels.

You collected 572 gold pieces.

Inventory:

Hand Weapons
 c - a +0 dagger
 l - a +4 dagger
 q - a cursed -3 dagger
Armour
 H - a +0 buckler
Magical Staves
 I - an uncursed staff of power (weapon)
Jewellery
 p - a ring of resist corrosion (left tentacle)
 D - a ring of stealth (right tentacle)
 E - a ring of positive energy (on tentacle)
Wands
 m - a wand of disintegration (7/24)
 n - a wand of disintegration (19/24)
 s - a wand of flame (11/48)
 v - a wand of flame (20/48)
 K - a wand of digging (15/24)
Scrolls
 e - 7 scrolls of identify
 g - 3 scrolls of remove curse
 j - 3 scrolls of teleportation {unknown}
 k - 2 scrolls of enchant weapon
 r - 2 scrolls of magic mapping {unknown}
 w - 2 scrolls of random uselessness {unknown}
 y - a scroll of fear {unknown}
 B - a scroll of enchant armour {unknown}
 C - 2 scrolls of immolation {unknown}
 F - a scroll of silence {unknown}
 G - 2 scrolls of noise {unknown}
 J - a scroll of amnesia
 L - a scroll of torment {unknown}
Potions
 d - 4 potions of degeneration
 f - 2 potions of might {unknown}
 h - 2 potions of haste {unknown}
 o - 6 potions of curing {unknown}
 u - 2 potions of brilliance {unknown}
 x - 2 potions of resistance
 z - a potion of invisibility {unknown}
 A - a potion of cancellation {unknown}
Books
 a - a book of Flames

   Spells                             Type                      Level
   a - Flame Tongue                   Conjuration/Fire             1
   b - Throw Flame                    Conjuration/Fire             2
   c - Conjure Flame                  Conjuration/Fire             3
   d - Inner Flame                    Hexes/Fire                   3
   e - Sticky Flame                   Conjuration/Fire             4
   f - Fireball                       Conjuration/Fire             5
Comestibles
 b - 8 bread rations
 i - 7 fruits
 t - 3 meat rations
 M - 8 chunks of flesh


   Skills:
 - Level 2.0 Dodging
 + Level 7.8 Stealth
 * Level 8.0 Spellcasting
 * Level 8.7 Conjurations
 * Level 9.2 Fire Magic


You had 10 spell levels left.
You knew the following spells:

 Your Spells              Type           Power        Failure   Level  Hunger
a - Flame Tongue          Conj/Fire      #####        1%          1    None
b - Throw Flame           Conj/Fire      #####.       1%          2    None
c - Conjure Flame         Conj/Fire      #####...     1%          3    None
d - Sticky Flame          Conj/Fire      #####...     1%          4    ###....
e - Fireball              Conj/Fire      #####.....   5%          5    #####..


Dungeon Overview and Level Annotations

Branches:
Dungeon (10/15)            Temple (1/1) D:5            Lair (1/6) D:9
    Orc: D:9-12

Altars:
Ashenzari
Dithmenos
Elyvilon
Fedhas
Gozag
Hepliaklqana
Kikubaaqudgha
Makhleb
Nemelex Xobeh
Okawaru
Qazlal
Ru
Sif Muna
Trog
Uskayaw
Vehumet
Wu Jian
Xom
Yredelemnul
Zin
The Shining One

Annotations:
D:4 Sigmund
D:9 sour's ghost, novice BaFi


Innate Abilities, Weirdness & Mutations

You cannot wear most types of armour.
You are very stealthy in the water. (Stealth+)
You are amphibious.
You can wear up to eight rings at the same time.
You can use your tentacles to constrict eight enemies at once.
Your skin changes colour to match your surroundings (Stealth+).
Your rubbery body absorbs attacks. (AC +1, EV +1)


Message History

The spiny frog burns!
The spiny frog stings you!!
The spiny frog burns!
The spiny frog stings you!
You are poisoned.
The spiny frog poisons you!
You feel sick.
The spiny frog burns!
The spiny frog stops burning.
You feel sick.
You feel sick.
You see here a crocodile skeleton.
Casting: Sticky Flame
Confirm with . or Enter, or press ? or * to list all spells.
Aiming: Sticky Flame
Press: ? - help, Shift-Dir - straight line, f/p - spiny frog
Aim: a spiny frog (almost dead)
The sticky flame hits the spiny frog.
You kill the spiny frog!
Vehumet accepts your kill.
You feel your power returning.
Your Spellcasting skill increases to level 8!
You feel sick. The spiny frog stings you!
You die...

#..[....# #.......#
#.......# #.......#
#.......# P.......#
........# #.....F†#
#......@# #.......#
#.......###### #
P.(.....##.#P#..###
...........<.....>.
...................
......>............
.....[.............
...................


You could see a spiny frog.

Vanquished Creatures
  A two-headed ogre (D:9)
  A spiny frog (Lair:1)
  An ice statue (D:8)
  4 ice devils (D:8)
  Eustachio (D:5)
  Edmund (D:5)
  A water moccasin (D:8)
  Duvessa (D:5)
  3 ice beasts
  A phantom (D:7)
  5 sky beasts
  2 ogres
  2 centaurs
  A big kobold (D:8)
  A crocodile (Lair:1)
  Blork the orc (D:5)
  4 bullfrogs
  Dowan (D:5)
  3 scorpions
  2 howler monkeys (D:9)
  A crimson imp (D:6)
  A bullfrog zombie (D:8)
  2 orc priests
  3 bullfrog skeletons
  2 centaur skeletons
  A hound (D:5)
  3 jellies
  3 orc wizards
  2 iguanas (D:9)
  Jessica (D:2)
  10 worker ants
  A hound skeleton (D:6)
  A worker ant zombie (D:5)
  3 gnolls (D:4)
  9 adders
  A shadow imp (D:9)
  8 ufetubi (D:8)
  An ooze (D:5)
  An adder zombie (D:5)
  An adder skeleton (D:5)
  2 worms
  A leopard gecko (D:2)
  19 orcs
  6 giant cockroaches
  7 goblins
  8 hobgoblins
  12 jackals
  13 kobolds
  6 quokkas
  10 bats
  6 frilled lizards
  2 quokka skeletons
  A quokka zombie (D:5)
  9 rats
194 creatures vanquished.

Notes
Turn   | Place    | Note
-------+----------+-------------------------------------------
     0 | D:1      | Naow the Octopode Fire Elementalist began the quest for the Orb.
     0 | D:1      | Reached XP level 1. HP: 11/11 MP: 3/3
   311 | D:1      | Reached XP level 2. HP: 14/17 MP: 0/5
   918 | D:1      | Reached XP level 3. HP: 21/21 MP: 6/6
  1114 | D:2      | Learned a level 2 spell: Throw Flame
  1118 | D:2      | Learned a level 3 spell: Conjure Flame
  1560 | D:2      | Found a shattered altar of Ashenzari.
  1560 | D:2      | Found a blossoming altar of Fedhas.
  1820 | D:2      | Noticed Jessica
  1824 | D:2      | Killed Jessica
  1824 | D:2      | Reached XP level 4. HP: 27/27 MP: 6/8
  2305 | D:3      | Reached skill level 4 in Fire Magic
  2305 | D:3      | Reached XP level 5. HP: 15/31 MP: 1/9
  3792 | D:4      | Learned a level 3 spell: Inner Flame
  3802 | D:4      | Learned a level 4 spell: Sticky Flame
  4011 | D:4      | Found a stormy altar of Qazlal.
  4036 | D:4      | Noticed Sigmund
  4056 | D:4      | Reached XP level 6. HP: 36/36 MP: 7/11
  4672 | D:4      | Reached skill level 5 in Fire Magic
  4766 | D:4      | Reached XP level 7. HP: 40/41 MP: 0/13
  5070 | D:5      | Entered Level 5 of the Dungeon
  5164 | D:5      | Noticed Edmund
  5178 | D:5      | Killed Edmund
  5378 | D:5      | Noticed Blork the orc
  5554 | D:5      | Killed Blork the orc
  5554 | D:5      | Reached XP level 8. HP: 36/46 MP: 2/15
  5561 | D:5      | Learned a level 5 spell: Fireball
  5661 | D:5      | Reached skill level 6 in Fire Magic
  5693 | D:5      | Noticed Duvessa
  5706 | D:5      | Killed Duvessa
  5706 | D:5      | Reached skill level 5 in Spellcasting
  5706 | D:5      | Reached skill level 5 in Conjurations
  5803 | D:5      | Noticed Dowan
  5809 | D:5      | Killed Dowan
  6177 | D:5      | Found a staircase to the Ecumenical Temple.
  6192 | Temple   | Entered the Ecumenical Temple
  6430 | D:5      | Noticed Eustachio
  6535 | D:5      | Found a radiant altar of Vehumet.
  6541 | D:5      | Killed Eustachio
  6548 | D:5      | Reached skill level 5 in Stealth
  6787 | D:5      | Became a worshipper of Vehumet
  7127 | D:6      | Reached XP level 9. HP: 51/51 MP: 6/17
  7288 | D:6      | Reached skill level 7 in Fire Magic
  7608 | D:6      | You fall through a shaft!
  8600 | D:7      | Reached * piety under Vehumet
  8600 | D:7      | Offered knowledge of Sting by Vehumet.
  9338 | D:8      | Noticed an ice statue
  9338 | D:8      | Noticed an ice devil
  9339 | D:8      | Noticed an ice devil
  9344 | D:8      | Noticed an ice devil
  9353 | D:8      | Killed an ice devil
  9378 | D:8      | Noticed an ice devil
  9610 | D:8      | Killed an ice devil
  9610 | D:8      | Reached skill level 8 in Fire Magic
  9617 | D:8      | Killed an ice devil
  9646 | D:8      | Killed an ice devil
  9646 | D:8      | Reached XP level 10. HP: 53/56 MP: 3/20
 10403 | D:8      | Killed an ice statue
 11122 | D:9      | Noticed a two-headed ogre
 11130 | D:9      | Killed a two-headed ogre
 11130 | D:9      | Reached skill level 9 in Fire Magic
 11285 | D:9      | Noticed sour's ghost (novice BaFi)
 11320 | D:10     | Entered Level 10 of the Dungeon
 11321 | D:10     | Noticed a two-headed ogre
 11634 | D:9      | Offered knowledge of Throw Frost by Vehumet.
 11807 | D:9      | Found a sparkling altar of Nemelex Xobeh.
 11837 | D:9      | Found a staircase to the Lair.
 12197 | Lair:1   | Entered Level 1 of the Lair of Beasts
 12238 | Lair:1   | Noticed a spiny frog
 12241 | Lair:1   | Noticed a spiny frog
 12249 | Lair:1   | Killed a spiny frog
 12249 | Lair:1   | Reached ** piety under Vehumet
 12249 | Lair:1   | Slain by a spiny frog

Vault maps used:
D:1:      dpeg_arrival_fog
D:2:      gammafunk_temple_overflow_elements, first_bread, kennysheep_nub,
          uniq_jessica, uniq_crazy_yiuf_cottage
D:4:      grunt_qazlal_sundering, uniq_sigmund
D:5:      vehumet_altar_wand_db, minmay_temple_entry_butterflies, uniq_edmund,
          uniq_duvessa, uniq_blork_the_orc, uniq_eustachio
D:6:      cheibrodos_two_vegetables, nicolae_benzene_ring,
          mrwooster_statue_mirror, minmay_fountain_box, uniq_grinder
D:8:      cheibrodos_frozen_isle, grunt_ogre_cave
D:9:      minmay_curly_fans, nicolae_overflow_crystal_walls, marbit_many_paths,
          lair_entry_dummy
D:10:     uniq_fannar
Temple:   minmay_crystal_spiral_temple
Lair:1:   beast_lair_carwin_large_2, basic_altar, serial_bayou_pond_d,
          minmay_holes, uniq_joseph, uniq_erica

Skill      XL: |  1  2  3  4  5  6  7  8  9 10 |
---------------+-------------------------------+-----
Conjurations   | 2 3 4 6 7 8 |  8.7
Spellcasting   | 3 4 5 7 8 |  8.0
Fire Magic     | 4 5 6 8 9 |  9.2
Stealth        | 3 5 6 7 |  7.8
Dodging        | |  2.0

Action                   |  1- 3 |  4- 6 |  7- 9 | 10-12 || total
-------------------------+-------+-------+-------+-------++-------
Melee: Unarmed           |    11 |       |       |       ||    11
       Constrict         |    18 |    17 |    10 |       ||    45
       Dagger            |    57 |    63 |    54 |     2 ||   176
       Tentacles         |     8 |     7 |     9 |     1 ||    25
       Staff             |       |       |       |     1 ||     1
 Cast: Flame Tongue      |     8 |    56 |   133 |    51 ||   248
       Throw Flame       |     4 |    11 |    73 |    54 ||   142
       Conjure Flame     |       |     1 |     3 |     2 ||     6
       Sticky Flame      |       |     2 |    13 |    15 ||    30
       Fireball          |       |       |     1 |    10 ||    11
  Use: Scroll            |       |     5 |       |       ||     5
 Stab: Sleeping          |    12 |     5 |     3 |     1 ||    21
  Eat: Chunk             |     2 |    11 |    13 |     4 ||    30
       Royal jelly       |       |       |     2 |       ||     2
       Meat ration       |       |       |       |     2 ||     2
Armor: Skin              |     4 |     8 |     7 |       ||    19
Dodge: Dodged            |    42 |    59 |    66 |    10 ||   177
